 Dungeon Crawl Stone Soup version 0.27.0-1-g7a08968 (webtiles) character file.

Game seed: 6082631733507541147

238 MercyWheel the Cudgeller (level 6, -5/37 HPs)
             Began as a Gargoyle Fighter on July 31, 2021.
             Killed by divine providence
             ... invoked by an orc priest
              (12 damage)
             ... on level 4 of the Dungeon.
             The game lasted 00:05:46 (2859 turns).

MercyWheel the Cudgeller (Gargoyle Fighter)         Turns: 2859, Time: 00:05:46

Health: -5/37      AC: 11    Str: 19    XL:     6   Next: 7%
Magic:  6/6        EV:  7    Int:  9    God:
Gold:   52         SH: 14    Dex: 11    Spells: 5/5 levels left

rFire    . . .     SeeInvis .   a - +0 flail
rCold    . . .     Faith    .   c - +0 kite shield
rNeg     + . .     Spirit   .   b - +0 scale mail
rPois    ∞         Reflect  +   (no helmet)
rElec    +         Harm     .   (no cloak)
rCorr    .         Rampage  .   (no gloves)
Will     .....                  (no boots)
Stlth    ..........             r - amulet of reflection
HPRegen  0.12/turn              (no ring)
MPRegen  0.10/turn              (no ring)

@: no status effects
A: sickness immunity, AC +4, negative energy resistance 1, electricity
resistance, torment resistance 1, petrification resistance
a: no special abilities


You were on level 4 of the Dungeon.
You visited 1 branch of the dungeon, and saw 4 of its levels.

You collected 52 gold pieces.

Inventory:

Hand Weapons
 a - a +0 flail (weapon)
 t - a +0 hunting sling
Missiles
 g - 61 poisoned darts (quivered)
 n - 37 sling bullets
 p - 20 bolts
Armour
 b - a +0 scale mail (worn)
 c - a +0 kite shield (worn)
Jewellery
 r - an amulet of reflection (around neck)
Wands
 u - a wand of polymorph (3)
Scrolls
 f - 3 scrolls of teleportation {unknown}
 h - a scroll of immolation {unknown}
 j - a scroll of brand weapon {unknown}
 l - a scroll of torment {unknown}
 m - a scroll of amnesia {unknown}
 o - 2 scrolls of identify {unknown}
Potions
 d - a potion of might
 e - 2 potions of flight {unknown}
 i - 3 potions of haste
 k - a potion of attraction {unknown}
 q - 3 potions of heal wounds {unknown}
 s - a potion of invisibility {unknown}


   Skills:
 - Level 3.2 Fighting
 - Level 5.4 Maces & Flails
 * Level 4.2 Armour
 + Level 1.0 Dodging
 - Level 3.2 Shields


You had 5 spell levels left.
You didn't know any spells.
Your spell library contained the following spells:

 Spells                   Type           Power      Damage    Failure   Level
 Corona                   Hex            0%         N/A       99%         1
 Magic Dart               Conj           0%         1d3       99%         1
 Sandblast                Erth           0%         2d4       99%         1
 Call Imp                 Summ           0%         N/A       100%        2
 Ensorcelled Hibernation  Hex/Ice        0%         N/A       100%        2
 Passwall                 Tmut/Erth      0%         N/A       100%        2
 Mephitic Cloud           Conj/Pois/Air  0%         N/A       100%        3
 Tukima's Dance           Hex            0%         N/A       100%        3
 Lee's Rapid Deconstruct  Erth           0%         3d5*      100%        5


Dungeon Overview and Level Annotations

Branches:
Dungeon (4/15)
 Temple: D:4-7

Altars:
Vehumet

Annotations:
D:1 exclusion: downstairs


Innate Abilities, Weirdness & Mutations

You are immune to sickness and miasma.
Your stone body is resilient. (AC +4)
You are immune to poison.
You resist negative energy. (rN+)
You are resistant to electric shocks. (rElec)
You are resistant to unholy torment.
You are immune to petrification.


Message History

Save game and exit?
Okay, then.
(D) Dungeon
Where to? (Enter - D:4, ? - help)
An orc wizard comes into view. It is wielding a +0 dagger.
The orc wizard shouts!
You hear a shout!
The orc wizard points at you and mumbles some strange words.
You are confused.
A ball python comes into view.
Unknown command.
The ball python hisses angrily.
An orc comes into view. It is wielding a +0 short sword.
The orc shouts!
An orc priest comes into view. It is wielding a +0 dagger.
You feel less confused. You block the orc wizard's attack.
You block the orc wizard's attack.
The orc wizard hits you with a +0 dagger.
You block the orc wizard's attack. You block the orc wizard's attack.
A gnoll comes into view. It is wielding a +0 club.
You block the orc wizard's attack.
The gnoll shouts!
A gnoll comes into view. It is wielding a +0 flail.
You block the orc wizard's attack.
The orc wizard hits you but does no damage.
The orc wizard closely misses you.
The orc wizard hits you but does no damage.
The orc priest invokes the aid of Beogh against you.
Beogh smites you!
* * * LOW HITPOINT WARNING * * *
You hear a shout!
The orc wizard barely misses you.
A gnoll comes into view. It is wielding a +0 whip.
The orc wizard hits you but does no damage.
The orc wizard casts a spell at you. You resist with some effort.
The orc priest invokes the aid of Beogh against you.
Beogh smites you!
You die... ..(.. ........ ... ...# ... #..# gog

#..## #S# #...# #o#
#..##### #o# #......#
#@# #..###.# #.#
#.####..# #.# #.#
#.......# #)# #.#
#.###.#.# #.# #.#
#.####.###.#.# #.# #.#
#..........#.# #.# #.#
###.<..###.#.###.####)#
#.##...........†.##<#
#....###.......)....#


You could see an orc priest, an orc wizard, 2 gnolls, an orc and a ball python.

Vanquished Creatures
  An ogre (D:4)
  Terence (D:2)
  A gnoll (D:1)
  3 adders
  A worm (D:2)
  A dart slug (D:3)
  6 orcs
  6 ball pythons
  5 endoplasms
  4 giant cockroaches
  7 goblins
  9 hobgoblins
  9 jackals
  5 quokkas
  8 bats
  5 frilled lizards
  4 kobolds
  A rat (D:2)
77 creatures vanquished.

Vanquished Creatures (others)
  6 plants (D:2)
6 creatures vanquished.

Grand Total: 83 creatures vanquished

Notes
Turn   | Place    | Note
-------+----------+-------------------------------------------
     0 | D:1      | MercyWheel the Gargoyle Fighter began the quest for the
                  | Orb.
     0 | D:1      | Reached XP level 1. HP: 14/14 MP: 1/1
    33 | D:1      | Reached XP level 2. HP: 14/19 MP: 2/2
   245 | D:1      | Reached skill level 3 in Maces & Flails
   263 | D:1      | Reached XP level 3. HP: 18/23 MP: 3/3
   502 | D:1      | Found a faded altar of an unknown god.
   826 | D:2      | Found a radiant altar of Vehumet.
   986 | D:2      | Reached skill level 4 in Maces & Flails
  1158 | D:2      | Reached XP level 4. HP: 15/28 MP: 4/4
  1481 | D:2      | Noticed Terence
  2335 | D:3      | Reached skill level 5 in Maces & Flails
  2357 | D:3      | Reached XP level 5. HP: 31/32 MP: 5/5
  2611 | D:2      | Killed Terence
  2806 | D:4      | Noticed an ogre
  2825 | D:4      | Killed an ogre
  2826 | D:4      | Reached skill level 1 in Dodging
  2826 | D:4      | Reached XP level 6. HP: 19/37 MP: 6/6
  2859 | D:4      | Killed from afar by an orc priest

Illustrated notes

Levels and vault maps discovered:
D:1:      psy_arrival_terrarium, layout_basic,
          hellmonk_ecumenical_altar_slurped_away, st_stairs_13
D:2:      layout_basic, basic_altar, hangedman_decor_clover_reticule,
          serial_bayou_lake_a, uniq_terence
D:3:      layout_basic
D:4:      layout_loops_ring, uniq_blork_the_orc

Skill      XL: |  1  2  3  4  5 |
---------------+----------------+-----
Maces & Flails | 3 4 5 |  5.4
Armour         | 4 |  4.2
Dodging        | 1 |  1.0
Fighting       | |  3.2
Shields        | |  3.2

Action                   |  1- 3 |  4- 6 || total
-------------------------+-------+-------++-------
Melee: Flail             |   119 |   164 ||   283
       Unarmed           |       |     4 ||     4
Throw: Dart              |       |     6 ||     6
Armor: Scale mail        |    92 |    82 ||   174
Dodge: Dodged            |    51 |    61 ||   112
Block: Kite shield       |    94 |   116 ||   210
       Reflection        |       |     1 ||     1
